 Dungeon Crawl Stone Soup version 0.27-a0-1158-gaa87e14f67 (webtiles) character file.

Game seed: 9489794066597951429

91 freelancePsychic the Magician (level 4, -6/31 HPs)
             Began as a Djinni Earth Elementalist on May 15, 2021.
             Was an Initiate of Hepliaklqana.
             Mangled by an orc
             ... wielding a +0 mace
              (7 damage)
             ... on level 4 of the Dungeon.
             The game lasted 00:03:47 (3217 turns).

freelancePsychic the Magician (DjEE)                Turns: 3217, Time: 00:03:48

Health: -6/31      AC:  2    Str:  7    XL:     4   Next: 87%
Gold:   169        EV: 12    Int: 17    God:    Hepliaklqana [......] SH:  0 Dex: 14

rFire    + + .     SeeInvis .   a - +0 dagger
rCold    x . .     Faith    .   (no shield)
rNeg     . . .     Spirit   .   c - +0 robe
rPois    ∞         Reflect  .   (no helmet)
rElec    .         Harm     .   (no cloak)
rCorr    .         Rampage  .   (no gloves)
Will     .....                  (boots unavailable)
Stlth    ++........             (no amulet)
HPRegen  0.10/turn              (no ring)
MPRegen  0.00/turn              (no ring)

@: flying
A: sickness immunity, fire resistance 2, cold vulnerability 1, float, innate
caster, hp casting, extra vitality 1
a: Renounce Religion


You were on level 4 of the Dungeon.
You worshipped Hepliaklqana.
Hepliaklqana was noncommittal.
You visited 1 branch of the dungeon, and saw 4 of its levels.

You collected 169 gold pieces.

Inventory:

Hand Weapons
 a - a +0 dagger (weapon)
Missiles
 b - 41 stones
Armour
 c - a +0 robe (worn)
Wands
 o - a wand of iceblast (9)
Scrolls
 e - a scroll of vulnerability {unknown}
 g - 2 scrolls of teleportation {unknown}
 h - a scroll of fog {unknown}
 l - a scroll of fear {unknown}
 n - a scroll of immolation {unknown}
 p - a scroll of identify {unknown}
Potions
 d - a potion of degeneration {unknown}
 f - a potion of heal wounds {unknown}
 i - 3 potions of curing {unknown}
 j - 2 potions of berserk rage {unknown}
 k - 3 potions of flight {unknown}
 m - 2 potions of lignification {unknown}


   Skills:
 - Level 2.1 Dodging
 - Level 1.5 Stealth
 * Level 4.0 Spellcasting


You couldn't memorise any spells.
You knew the following spells:

 Your Spells              Type           Power      Damage    Failure   Level
a - Sandblast             Erth           34%        2d9       3%          1
b - Passwall              Tmut/Erth      14%        N/A       4%          2
c - Stone Arrow           Conj/Erth      34%        3d9       9%          3
d - Petrify               Tmut/Erth      17%        N/A       28%         4
e - Lee's Rapid Deconstr  Erth           8%         3d8*      63%         5
f - Corona                Hex            18%        N/A       3%          1
Your spell library was empty.

Dungeon Overview and Level Annotations

Branches:
Dungeon (4/15)
 Temple: D:4-7

Altars:
Dithmenos
Hepliaklqana
Qazlal
Uskayaw

Shops:
D:3 =


Innate Abilities, Weirdness & Mutations

You are immune to sickness and miasma.
You are immune to poison.
Your flesh is very heat resistant. (rF++)
You are vulnerable to cold. (rC-)
You float through the air rather than walking.
You learn spells naturally, not from books.
Your magical power is your life essence.
You have superior vitality. (+4 HP)


Message History

Casting: Sandblast (safe; 3% risk of failure)
Confirm with . or Enter, or press ? or * to list all spells.
Aiming: Sandblast (safe; 3% risk of failure)
Press: ? - help, Shift-Dir - straight line, f/p - orc
Aim: an orc, wielding a +0 mace and wearing a +2 leather armour of willpower (79% to hit)
The blast of sand hits the orc.
The orc is almost dead.
The orc hits you with a +0 mace.
Casting: Sandblast (safe; 3% risk of failure)
Confirm with . or Enter, or press ? or * to list all spells.
Aiming: Sandblast (safe; 3% risk of failure)
Press: ? - help, Shift-Dir - straight line, f/p - orc
Aim: an orc, wielding a +0 mace and wearing a +2 leather armour of willpower (almost dead, 79% to hit)
The blast of sand hits the orc but does no damage.
The orc is almost dead.
The orc hits you with a +0 mace.
* * * LOW HITPOINT WARNING * * *
Casting: Sandblast (safe; 3% risk of failure)
Confirm with . or Enter, or press ? or * to list all spells.
Aiming: Sandblast (safe; 3% risk of failure)
Press: ? - help, Shift-Dir - straight line, f/p - orc
Aim: an orc, wielding a +0 mace and wearing a +2 leather armour of willpower (almost dead, 79% to hit)
The blast of sand hits the orc but does no damage.
The orc is almost dead.
* * * LOW HITPOINT WARNING * * *
The orc hits you with a +0 mace!
* * * LOW HITPOINT WARNING * * *
Okay, then.
Your magical contamination has completely faded away.
The orc closely misses you.
Casting: Sandblast (safe; 3% risk of failure)
Confirm with . or Enter, or press ? or * to list all spells.
Aiming: Sandblast (safe; 3% risk of failure)
Press: ? - help, Shift-Dir - straight line, f/p - orc
Aim: an orc, wielding a +0 mace and wearing a +2 leather armour of willpower (severely wounded, 79% to hit)
The blast of sand misses the orc.
* * * LOW HITPOINT WARNING * * *
The orc barely misses you. The orc hits you with a +0 mace!
You die...

)................>#
#####.#.#.#########
#.#.#.# #####.#)#.#
......#<#'#########
######............#
.....'............#
######............#
#..........@.#
######.........o..#
.....#............#
####.##############
#.# #.# ## #.# .#
#.# .# #.#


You could see an orc.

Vanquished Creatures
  An orc wizard (D:4)
  A gnoll (D:1)
  An adder (D:4)
  A worm (D:2)
  A dart slug (D:4)
  An orc (D:4)
  6 ball pythons
  4 endoplasms
  2 giant cockroaches (D:2)
  3 goblins
  3 hobgoblins
  2 jackals (D:3)
  3 quokkas
  3 bats
  2 frilled lizards (D:1)
  3 kobolds
  2 rats
39 creatures vanquished.

Notes
Turn   | Place    | Note
-------+----------+-------------------------------------------
     0 | D:1      | freelancePsychic the Djinni Earth Elementalist began the
                  | quest for the Orb.
     0 | D:1      | Reached XP level 1. HP: 15/15 MP: 0/0
   356 | D:1      | Reached skill level 3 in Spellcasting
   356 | D:1      | Reached XP level 2. HP: 19/21 MP: 0/0
   768 | D:1      | Reached XP level 3. HP: 23/25 MP: 0/0
   768 | D:1      | Learned a level 1 spell: Corona
  1170 | D:2      | Found a faded altar of an unknown god.
  2177 | D:3      | Found a hide-covered altar of Uskayaw.
  2220 | D:3      | Found Geuluar's Jewellery Shoppe.
  2500 | D:3      | Found a hazy altar of Hepliaklqana.
  2500 | D:3      | Found a stormy altar of Qazlal.
  2507 | D:3      | Became a worshipper of Hepliaklqana the Forgotten
  2603 | D:3      | Found a shadowy altar of Dithmenos.
  2725 | D:4      | Reached XP level 4. HP: 25/31 MP: 0/0
  3196 | D:4      | Reached skill level 4 in Spellcasting
  3201 | D:4      | HP: 1/31 [orc/+0 mace (7)]
  3217 | D:4      | Mangled by an orc

Illustrated notes

Levels and vault maps discovered:
D:1:      dpeg_arrival_windows_large_door, layout_basic
D:2:      layout_loops_ring, ebering_ecumenical_altar_mist, serial_glass,
          glass_columns_a, glass_columns_a, glass_columns_b, glass_columns_a,
          glass_columns_a, glass_columns_c, glass_columns_b, glass_columns_b
D:3:      layout_rooms, lemuel_round_altar, nicolae_overflow_hidden_temple,
          gammafunk_temple_overflow_pools, serial_shops, shop
D:4:      layout_basic, minmay_temple_entry_antechambers

Skill      XL: |  1  2  3  4 |
---------------+-------------+-----
Spellcasting   | 3 4 |  4.0
Dodging        | |  2.1
Stealth        | |  1.5

Action                   |  1- 3 |  4- 6 || total
-------------------------+-------+-------++-------
Melee: Dagger            |    39 |       ||    39
 Cast: Sandblast         |    40 |    10 ||    50
       Stone Arrow       |       |     8 ||     8
 Stab: Sleeping          |     4 |       ||     4
Armor: Robe              |    11 |       ||    11
Dodge: Dodged            |    37 |     7 ||    44

Table legend: (Time is in decaauts)
 A = Elapsed time spent in this place.
 B = Non-inter-level travel time spent in this place.
 C = Inter-level travel time spent in this place.
 D = Time resting spent in this place.
 E = Time spent auto-exploring this place.
 F = Levels seen in this place.
 G = Mean time per level.
                   A        B        C        D        E       F      G
               +--------+--------+--------+--------+--------+-----+--------+
         Total |   3216 |   3127 |     89 |     55 |   2777 |   4 |  804.0 |
       Dungeon |   3216 |   3127 |     89 |     55 |   2777 |   4 |  804.0 |
               +--------+--------+--------+--------+--------+-----+--------+

Top non-repeatable levels by time:
     D:1: 1137 daAuts
     D:2: 970 daAuts
     D:3: 652 daAuts
     D:4: 456 daAuts
